| TOP OF THE 1ST |
|
Colorado Rockies batting - Pitching for Baltimore Orioles : LHP Steve Avery
|
|
Pitching: LHP Steve Avery
|
|
|
Batting: LHB Todd Helton
|
0-0: Ball 1-0: SOLO HOME RUN (Flyball, 78XD, EV 93.8 MPH), Distance : 389 ft
|
|
Batting: RHB Juan Gonzalez
|
0-0: Called Strike 0-1: Foul Ball, location: 2F 0-2: Ball 1-2: Strikes out swinging
|
|
Batting: RHB Damion Easley
|
0-0: Foul Ball, location: 2F 0-1: SINGLE (Line Drive, 8RS, EV 109.4 MPH)
|
|
Batting: RHB Glenn Davis
|
0-0: Called Strike 0-1: Swinging Strike 0-2: Foul Ball, location: 2F 0-2: Ball 1-2: Strikes out swinging
|
|
Batting: SHB Dmitri Young
|
0-0: Ball 1-0: Called Strike 1-1: Ball 2-1: Foul Ball, location: 2F 2-2: Fly out, F9 (Flyball, 89S, EV 87.5 MPH)
|
| Top of the 1st over - 1 run, 2 hits, 0 errors, 1 left on base; Colorado 1 - Baltimore 0 |
| BOTTOM OF THE 1ST |
|
Baltimore Orioles batting - Pitching for Colorado Rockies : RHP Bill Wegman
|
|
Pitching: RHP Bill Wegman
|
|
|
Batting: LHB Johnny Damon
|
0-0: Ground out 1-3 (Groundball, 13, EV 84.4 MPH)
|
|
Batting: LHB Bill Spiers
|
0-0: DOUBLE (Line Drive, 89XD, EV 102.5 MPH)
|
|
Batting: LHB Kenny Lofton
|
0-0: Swinging Strike 0-1: Swinging Strike 0-2: Foul Ball, location: 2F 0-2: Ball 1-2: Foul Ball, location: 2F 1-2: SINGLE (Line Drive, 4MD, EV 104.4 MPH) Bill Spiers to third Runner from 3rd tries for Home, SAFE, throw by CF to home
|
|
Batting: LHB Matt Franco
|
0-0: Ball 1-0: Ball 2-0: Ball 3-0: Called Strike 3-1: Swinging Strike 3-2: Ground out 1-3 (Groundball, 13, EV 62.5 MPH) Kenny Lofton to second
|
|
Batting: RHB Kelly Gruber
|
0-0: Fly out, F7 (Flyball, 78D, EV 94.4 MPH)
|
| Bottom of the 1st over - 1 run, 2 hits, 0 errors, 1 left on base; Colorado 1 - Baltimore 1 |
| TOP OF THE 2ND |
|
Colorado Rockies batting - Pitching for Baltimore Orioles : LHP Steve Avery
|
|
Batting: RHB Steve Gibralter
|
0-0: Ball 1-0: Foul Ball, location: 2F 1-1: Foul Ball, location: 2F 1-2: Strikes out swinging
|
|
Batting: RHB Todd Pratt
|
0-0: Fly out, F8 (Flyball, 8RM, EV 87.5 MPH)
|
|
Batting: LHB Keith Lockhart
|
0-0: Called Strike 0-1: Foul Ball, location: 2F 0-2: Ball 1-2: Strikes out looking
|
| Top of the 2nd over - 0 runs, 0 hits, 0 errors, 0 left on base; Colorado 1 - Baltimore 1 |
| BOTTOM OF THE 2ND |
|
Baltimore Orioles batting - Pitching for Colorado Rockies : RHP Bill Wegman
|
|
Batting: RHB Lyle Mouton
|
0-0: Ball 1-0: Foul Ball, location: 2F 1-1: SINGLE (Groundball, 34D, EV 104.4 MPH)
|
|
Batting: LHB Matt Nokes
|
0-0: Ball 1-0: Fly out, F9 (Flyball, 89S, EV 85.0 MPH)
|
|
Batting: RHB Alvaro Espinoza
|
0-0: Called Strike 0-1: Called Strike 0-2: Ball 1-2: Foul Ball, location: 2F 1-2: Foul Ball, location: 2F 1-2: SINGLE (Groundball, 6MD, EV 103.8 MPH) Lyle Mouton to second Runner from 2nd tries for 3rd, OUT! 8-5
|
|
Batting: RHB Ed Sprague Jr.
|
0-0: Called Strike 0-1: Ball 1-1: Ball 2-1: 2-RUN HOME RUN (Line Drive, 7LD, EV 100.6 MPH), Distance : 348 ft
|
|
Batting: LHB Johnny Damon
|
0-0: Called Strike 0-1: Ball 1-1: Fly out, F8 (Flyball, 8RD, EV 100.6 MPH)
|
| Bottom of the 2nd over - 2 runs, 3 hits, 0 errors, 0 left on base; Colorado 1 - Baltimore 3 |
| TOP OF THE 3RD |
|
Colorado Rockies batting - Pitching for Baltimore Orioles : LHP Steve Avery
|
|
Batting: LHB Chip Hale
|
0-0: Ball 1-0: Ball 2-0: Foul Ball, location: 2F 2-1: Swinging Strike 2-2: Strikes out looking
|
|
Batting: LHB Todd Helton
|
0-0: Ball 1-0: Foul Ball, location: 2F 1-1: Foul Ball, location: 2F 1-2: Fly out, F9 (Flyball, 9S, EV 90.0 MPH)
|
|
Batting: RHB Juan Gonzalez
|
0-0: Called Strike 0-1: Foul Ball, location: 2F 0-2: Ball 1-2: Ball 2-2: Ball 3-2: Ground out 1-3 (Groundball, P, EV 81.3 MPH)
|
| Top of the 3rd over - 0 runs, 0 hits, 0 errors, 0 left on base; Colorado 1 - Baltimore 3 |
| BOTTOM OF THE 3RD |
|
Baltimore Orioles batting - Pitching for Colorado Rockies : RHP Bill Wegman
|
|
Batting: LHB Bill Spiers
|
0-0: Foul Ball, location: 2F 0-1: TRIPLE (Groundball, 5L, EV 108.8 MPH)
|
|
Batting: LHB Kenny Lofton
|
0-0: Ball 1-0: Foul Ball, location: 2F 1-1: Foul Ball, location: 2F 1-2: Ground out 1-3 (Groundball, 34S, EV 92.5 MPH)
|
|
Batting: LHB Matt Franco
|
0-0: Swinging Strike 0-1: Ball 1-1: Foul Ball, location: 2F 1-2: Ball 2-2: 2-RUN HOME RUN (Flyball, 89XD, EV 96.3 MPH), Distance : 390 ft
|
|
Batting: RHB Kelly Gruber
|
0-0: Ball 1-0: Called Strike 1-1: Ground out 6-3 (Groundball, 6, EV 88.1 MPH)
|
|
Batting: RHB Lyle Mouton
|
0-0: Swinging Strike 0-1: Ball 1-1: Foul Ball, location: 2F 1-2: Strikes out swinging
|
| Bottom of the 3rd over - 2 runs, 2 hits, 0 errors, 0 left on base; Colorado 1 - Baltimore 5 |
| TOP OF THE 4TH |
|
Colorado Rockies batting - Pitching for Baltimore Orioles : LHP Steve Avery
|
|
Batting: RHB Damion Easley
|
0-0: Called Strike 0-1: Foul Ball, location: 2F 0-2: Ground out 4-3 (Groundball, 4S, EV 91.3 MPH)
|
|
Batting: RHB Glenn Davis
|
0-0: Swinging Strike 0-1: Ball 1-1: Foul Ball, location: 2F 1-2: Ground out 4-3 (Groundball, 4S, EV 85.0 MPH)
|
|
Batting: SHB Dmitri Young
|
0-0: Called Strike 0-1: Foul Ball, location: 2F 0-2: Foul Ball, location: 2F 0-2: Ball 1-2: Strikes out swinging
|
| Top of the 4th over - 0 runs, 0 hits, 0 errors, 0 left on base; Colorado 1 - Baltimore 5 |
| BOTTOM OF THE 4TH |
|
Baltimore Orioles batting - Pitching for Colorado Rockies : RHP Bill Wegman
|
|
Batting: LHB Matt Nokes
|
0-0: Fly out, F3 (Popup, 3S, EV 73.1 MPH)
|
|
Batting: RHB Alvaro Espinoza
|
0-0: Swinging Strike 0-1: Ball 1-1: Ball 2-1: Swinging Strike 2-2: Reached on error, E6 (Groundball, 56, EV 101.9 MPH)
|
|
Batting: RHB Ed Sprague Jr.
|
0-0: Ball 1-0: Ground out 5-3 (Groundball, 5, EV 106.3 MPH)
|
|
Batting: LHB Johnny Damon
|
0-0: Called Strike 0-1: Foul Ball, location: 2F 0-2: Ball 1-2: Foul Ball, location: 2F 1-2: Foul Ball, location: 2F 1-2: Strikes out looking
|
| Bottom of the 4th over - 0 runs, 0 hits, 1 error, 1 left on base; Colorado 1 - Baltimore 5 |
| TOP OF THE 5TH |
|
Colorado Rockies batting - Pitching for Baltimore Orioles : LHP Steve Avery
|
|
Batting: RHB Steve Gibralter
|
0-0: Called Strike 0-1: Ball 1-1: Ground out 6-3 (Groundball, 6, EV 77.5 MPH)
|
|
Batting: RHB Todd Pratt
|
0-0: Ball 1-0: Ball 2-0: Ground out 5-3 (Groundball, 56, EV 102.5 MPH)
|
|
Batting: LHB Keith Lockhart
|
0-0: Swinging Strike 0-1: Ball 1-1: Foul Ball, location: 2F 1-2: Strikes out swinging
|
| Top of the 5th over - 0 runs, 0 hits, 0 errors, 0 left on base; Colorado 1 - Baltimore 5 |
| BOTTOM OF THE 5TH |
|
Baltimore Orioles batting - Pitching for Colorado Rockies : RHP Bill Wegman
|
|
Batting: LHB Bill Spiers
|
0-0: Ball 1-0: Ball 2-0: Called Strike 2-1: TRIPLE (Line Drive, 78XD, EV 107.5 MPH)
|
|
Batting: LHB Kenny Lofton
|
0-0: Ball 1-0: Ball 2-0: Called Strike 2-1: Ball 3-1: Swinging Strike 3-2: SINGLE (Line Drive, 8RS, EV 91.9 MPH) Bill Spiers scores
|
|
Batting: LHB Matt Franco
|
0-0: Called Strike 0-1: Ball 1-1: Ball 2-1: Foul Ball, location: 2F 2-2: Ball 3-2: Base on Balls Kenny Lofton to second
|
|
Batting: RHB Kelly Gruber
|
0-0: Called Strike 0-1: Foul Ball, location: 2F 0-2: 3-RUN HOME RUN (Flyball, 78XD, EV 96.9 MPH), Distance : 382 ft
|
|
Pitching: RHP John E. Farrell
|
|
|
Batting: RHB Lyle Mouton
|
0-0: Foul Ball, location: 2F 0-1: Foul Ball, location: 2F 0-2: Ball 1-2: Strikes out looking
|
|
Batting: LHB Matt Nokes
|
0-0: Ball 1-0: SINGLE (Groundball, 4D, EV 105.6 MPH)
|
|
Batting: RHB Alvaro Espinoza
|
0-0: Ball Wild Pitch! Matt Nokes to second 1-0: Ball 2-0: Fly out, F8 (Flyball, 8RD, EV 105.6 MPH)
|
|
Batting: RHB Ed Sprague Jr.
|
0-0: Ball 1-0: Ball 2-0: Ball 3-0: Base on Balls
|
|
Batting: LHB Johnny Damon
|
0-0: Ball 1-0: Fielders Choice at 2nd, 6-4 (Groundball, 6, EV 85.0 MPH)
|
| Bottom of the 5th over - 4 runs, 4 hits, 0 errors, 2 left on base; Colorado 1 - Baltimore 9 |
| TOP OF THE 6TH |
|
Colorado Rockies batting - Pitching for Baltimore Orioles : LHP Steve Avery
|
|
Batting: LHB Chip Hale
|
0-0: Swinging Strike 0-1: Foul Ball, location: 2F 0-2: Ball 1-2: Strikes out swinging
|
|
Batting: LHB Todd Helton
|
0-0: Ball 1-0: SINGLE (Line Drive, 78S, EV 94.4 MPH)
|
|
Batting: RHB Juan Gonzalez
|
0-0: Called Strike 0-1: SINGLE (Groundball, 34D, EV 95.6 MPH) Todd Helton to second
|
|
Batting: RHB Damion Easley
|
0-0: Ball 1-0: Ball 2-0: Swinging Strike 2-1: Swinging Strike 2-2: Fielders Choice at 2nd, 4-6 (Groundball, 4, EV 83.8 MPH) Todd Helton to third
|
|
Batting: RHB Glenn Davis
|
0-0: Called Strike 0-1: Ball 1-1: Ball 2-1: Ball 3-1: Reached on error, E5 (Groundball, 56, EV 81.9 MPH) Todd Helton scores Damion Easley to second
|
|
Batting: SHB Dmitri Young
|
0-0: SINGLE (Groundball, 6D, EV 104.4 MPH) Damion Easley to third Glenn Davis to second Runner from 3rd tries for Home, SAFE, no throw by LF
|
|
Batting: RHB Steve Gibralter
|
0-0: Ball 1-0: Ball 2-0: Fly out, F8 (Flyball, 8LM, EV 90.6 MPH)
|
| Top of the 6th over - 2 runs, 3 hits, 1 error, 2 left on base; Colorado 3 - Baltimore 9 |
| BOTTOM OF THE 6TH |
|
Baltimore Orioles batting - Pitching for Colorado Rockies : RHP John E. Farrell
|
|
Batting: LHB Bill Spiers
|
0-0: Ball 1-0: Ball 2-0: Ball 3-0: Base on Balls
|
|
Batting: LHB Kenny Lofton
|
0-0: Called Strike 0-1: Fielders Choice at 2nd, 2-4 (Groundball, 15S, EV 74.4 MPH)
|
|
Batting: LHB Matt Franco
|
0-0: Ball 1-0: Ball 2-0: Called Strike 2-1: Called Strike Kenny Lofton is caught stealing 2nd base 2-6 2-2: DOUBLE (Line Drive, 5D, EV 97.5 MPH)
|
|
Batting: RHB Kelly Gruber
|
0-0: Ball 1-0: Foul Ball, location: 2F 1-1: Foul Ball, location: 2F 1-2: Ball 2-2: DOUBLE (Line Drive, 89D, EV 111.9 MPH) Matt Franco scores
|
|
Batting: RHB Lyle Mouton
|
0-0: Ball 1-0: Foul Ball, location: 2F 1-1: SINGLE (Groundball, 34D, EV 110.0 MPH) Kelly Gruber to third Runner from 3rd tries for Home, SAFE, throw by RF to home
|
|
Batting: LHB Matt Nokes
|
0-0: Called Strike 0-1: Foul Ball, location: 2F 0-2: Fly out, F6 (Popup, 56, EV 59.4 MPH)
|
| Bottom of the 6th over - 2 runs, 3 hits, 0 errors, 1 left on base; Colorado 3 - Baltimore 11 |
| TOP OF THE 7TH |
|
Colorado Rockies batting - Pitching for Baltimore Orioles : LHP Steve Avery
|
|
Batting: RHB Todd Pratt
|
0-0: Ball 1-0: Ball 2-0: SINGLE (Groundball, 5D, EV 107.5 MPH)
|
|
Batting: LHB Keith Lockhart
|
0-0: Called Strike 0-1: Fly out, F6 (Popup, 6, EV 66.9 MPH)
|
|
Batting: LHB Chip Hale
|
0-0: Ball 1-0: Called Strike 1-1: Swinging Strike 1-2: Strikes out swinging
|
|
Batting: LHB Todd Helton
|
0-0: Ball 1-0: Called Strike 1-1: Foul Ball, location: 2F 1-2: Foul Ball, location: 2F 1-2: Ball 2-2: Ball 3-2: Fly out, F7 (Flyball, 7LS, EV 95.6 MPH)
|
| Top of the 7th over - 0 runs, 1 hit, 0 errors, 1 left on base; Colorado 3 - Baltimore 11 |
| BOTTOM OF THE 7TH |
|
Baltimore Orioles batting - Pitching for Colorado Rockies : RHP John E. Farrell
|
|
Batting: RHB Alvaro Espinoza
|
0-0: Called Strike 0-1: Foul Ball, location: 2F 0-2: Ground out 4-3 (Groundball, 4, EV 80.6 MPH)
|
|
Batting: RHB Ed Sprague Jr.
|
0-0: Foul Ball, location: 2F 0-1: Swinging Strike 0-2: Ball 1-2: Foul Ball, location: 2F 1-2: Ball 2-2: Strikes out swinging
|
|
Batting: LHB Johnny Damon
|
0-0: Ball 1-0: Ball 2-0: Called Strike 2-1: Ground out 6-3 (Groundball, 6, EV 108.1 MPH)
|
| Bottom of the 7th over - 0 runs, 0 hits, 0 errors, 0 left on base; Colorado 3 - Baltimore 11 |
| TOP OF THE 8TH |
|
Colorado Rockies batting - Pitching for Baltimore Orioles : LHP Steve Avery
|
|
Batting: RHB Juan Gonzalez
|
0-0: Called Strike 0-1: Ball 1-1: Swinging Strike 1-2: Strikes out swinging
|
|
Batting: RHB Damion Easley
|
0-0: Ball 1-0: Ground out U3 (Groundball, 34, EV 84.4 MPH)
|
|
Batting: RHB Glenn Davis
|
0-0: Called Strike 0-1: Fly out, F8 (Flyball, 8RM, EV 84.4 MPH)
|
| Top of the 8th over - 0 runs, 0 hits, 0 errors, 0 left on base; Colorado 3 - Baltimore 11 |
| BOTTOM OF THE 8TH |
|
Baltimore Orioles batting - Pitching for Colorado Rockies : RHP John E. Farrell
|
|
Batting: LHB Bill Spiers
|
0-0: Ball 1-0: SINGLE (Line Drive, 34, EV 100.0 MPH)
|
|
Batting: LHB Kenny Lofton
|
0-0: Ball 1-0: Ball Passed Ball! Bill Spiers to second 2-0: Ball 3-0: Base on Balls
|
|
Batting: LHB Matt Franco
|
0-0: Called Strike 0-1: Ball 1-1: Ball 2-1: Ball 3-1: Base on Balls Bill Spiers to third Kenny Lofton to second
|
|
Pitching: RHP Terry Adams
|
|
|
Batting: RHB Kelly Gruber
|
0-0: Ball 1-0: Called Strike 1-1: Foul Ball, location: 2F 1-2: Ball 2-2: Ball 3-2: Base on Balls Bill Spiers scores Kenny Lofton to third Matt Franco to second
|
|
Batting: RHB Lyle Mouton
|
0-0: Called Strike 0-1: Called Strike 0-2: Ball 1-2: Fly out, F9 (Flyball, 9LDF, EV 105.0 MPH) Runner from 3rd tags up, SCORES, no throw by RF
|
|
Batting: LHB Matt Nokes
|
0-0: Ball 1-0: Ball 2-0: Foul Ball, location: 2F 2-1: Foul Ball, location: 2F 2-2: Fly out, F2 (Popup, 2LF, EV 91.9 MPH)
|
|
Batting: RHB Alvaro Espinoza
|
0-0: Ground out U3 (Groundball, 34S, EV 70.6 MPH)
|
| Bottom of the 8th over - 2 runs, 1 hit, 0 errors, 2 left on base; Colorado 3 - Baltimore 13 |
| TOP OF THE 9TH |
|
Colorado Rockies batting - Pitching for Baltimore Orioles : LHP Steve Avery
|
|
Batting: SHB Dmitri Young
|
0-0: Swinging Strike 0-1: Ball 1-1: Swinging Strike 1-2: Ball 2-2: Foul Ball, location: 2F 2-2: Foul Ball, location: 2F 2-2: Strikes out swinging
|
|
Batting: RHB Steve Gibralter
|
0-0: Swinging Strike 0-1: Swinging Strike 0-2: Ball 1-2: Foul Ball, location: 2F 1-2: Foul Ball, location: 2F 1-2: Ball 2-2: Ball 3-2: Strikes out looking
|
|
Batting: RHB Todd Pratt
|
0-0: Ball 1-0: Ball 2-0: Ball 3-0: Base on Balls
|
|
Pitching: RHP Hector Fajardo
|
|
|
Batting: LHB Keith Lockhart
|
0-0: Foul Ball, location: 2F 0-1: Ball Wild Pitch! Todd Pratt to second 1-1: Ball 2-1: Foul Ball, location: 2F 2-2: Strikes out swinging
|
| Top of the 9th over - 0 runs, 0 hits, 0 errors, 1 left on base; Colorado 3 - Baltimore 13 |
|